 Dungeon Crawl Stone Soup version 0.13.0-21-ge43020b (webtiles) character file.

1535 MDvedh the Basher (level 8, -2/64 (66) HPs)
             Began as a Deep Dwarf Hunter on Oct 26, 2013.
             Killed from afar by Joseph (4 damage)
             ... with a wand of magic darts
             ... on Level 7 of the Dungeon.
             The game lasted 00:18:55 (5303 turns).

MDvedh the Basher (Deep Dwarf Hunter)               Turns: 5303, Time: 00:18:56

HP  -2/64 (66)   AC  7     Str 17      XL: 8   Next: 32%
MP   4/4         EV  8     Int 13      God:
Gold 226         SH  0     Dex 13      Spells:  0 memorised,  7 levels left

Res.Fire  : . . .   See Invis. : .   l - +0 whip
Res.Cold  : . . .   Warding    : .   r - +0 scale mail
Life Prot.: . . .   Conserve   : .   (no shield)
Res.Poison: .       Res.Corr.  : .   (no helmet)
Res.Elec. : .       Clarity    : .   (no cloak)
Sust.Abil.: + .     Spirit.Shd : .   (no gloves)
Res.Mut.  : .       Stasis     : .   A - +0 pair of boots
Res.Rott. : .       Flight     : .   (no amulet)
Saprovore : . . .                    x - ring of sustain abilities
                                     o - ring of hunger

@: non-regenerating, drained, somewhat resistant to hostile enchantments,
extremely unstealthy
A: damage resistance, recharge devices, sense surroundings 1, slow healing 3
a: Device Recharging


You were on level 7 of the Dungeon.
You were hungry.

You visited 1 branch of the dungeon, and saw 7 of its levels.

You collected 386 gold pieces.
You spent 180 gold pieces at shops.

Inventory:

Hand weapons
 a - a +0,+0 dwarven short sword
 b - a +1,+1 dwarven crossbow
 l - a +0,+0 whip (weapon)
 z - a +0,+0 mace
Missiles
 c - 60 bolts
Armour
 r - a +0 scale mail (worn)
 A - a +0 pair of boots (worn)
Magical devices
 e - a wand of heal wounds (1)
 h - a wand of magic darts (0)
 p - a wand of flame (0)
 w - a wand of paralysis (15) {unknown}
 y - a wand of cold (0)
Comestibles
 f - 8 bread rations
 s - 2 apples
 B - a chunk of orc flesh
 D - a choko
Scrolls
 g - 2 scrolls of teleportation
 i - 4 scrolls of remove curse
 t - a scroll of blinking
 u - a scroll of amnesia
Jewellery
 o - a ring of hunger (left hand)
 q - a +1 ring of strength
 x - a ring of sustain abilities (right hand)
Potions
 d - 2 potions of confusion {unknown}
 j - 5 potions of curing
 k - 2 potions of restore abilities
 m - 2 potions of agility {unknown}
 n - 2 potions of might
 v - 2 potions of poison {unknown}
 C - a potion of resistance {unknown}


   Skills:
 - Level 0.8(0.5) Fighting
 + Level 9.8(9.4) Maces & Flails
 - Level 4.3(4.0) Crossbows
 - Level 2.1(1.8) Armour
 - Level 2.1(1.8) Dodging
 - Level 1.2(0.9) Stealth


You had 7 spell levels left.
You didn't know any spells.

Dungeon Overview and Level Annotations

Branches:
Dungeon (7/27)
 Temple: D:4-7          Orc: D:6-11

Altars:
Ashenzari
Okawaru
Sif Muna
Zin
the Shining One

Shops:
D:4 *   D:6 %

Annotations:
D:4 Eustachio, Menkaure
D:7 Joseph


Innate Abilities, Weirdness & Mutations

You are resistant to damage.
You can recharge devices by infusing magical energy.
You passively map a small area around you.
You do not heal naturally.


Message History

Joseph is lightly wounded.
An orc wizard comes into view. It is wielding an orcish dagger.
You barely miss Joseph.
Joseph is lightly wounded.
The orc wizard shouts!
Joseph zaps a wand.
The magic dart hits you!
* * * LOW HITPOINT WARNING * * *
The wight hits you with a long sword of freezing.
* * * LOW HITPOINT WARNING * * *
You feel drained. The wight freezes you. The orc hits you but does no damage.
You hit Joseph.
Joseph is moderately wounded.
You hit Joseph.
Joseph is moderately wounded.
Joseph zaps a wand.
The magic dart hits you! The wight barely misses you.
Unknown command.
Your scale mail prevents you from hitting Joseph.
Joseph is moderately wounded.
Joseph zaps a wand.
The magic dart hits you!
You die...

#.# ### #.######
#..,* #.##.... , #.#
#..#.#.#
#.#########....#.#
##..............#.#
##..###>#####...##.#
#.z@# #........###.#
,, #.o@###.########
#.# * * #o..(...#
###.# #.....##.###
#...# ...?... #.#
#.### ##...#. #.#
#.# ##.##. #.# #.# ,
#. #. #.# #.# #. #.#
#.# .*#.# #.#


You could see Joseph, an orc wizard, a wight and an orc.

Vanquished Creatures
  A necrophage (D:6)
  A black bear (D:5)
  A phantom (D:6)
  2 ogres (D:5)
  A big kobold (D:7)
  A centaur (D:6)
  2 giant frogs
  An orc priest (D:6)
  A crimson imp (D:7)
  A centaur zombie (D:7)
  2 scorpions
  3 hounds
  2 orc wizards (D:7)
  2 worker ants
  Ijyb (D:4)
  A big kobold skeleton (D:7)
  7 adders
  2 giant mites (D:3)
  A worm (D:4)
  2 giant eyeballs
  2 giant geckos
  11 orcs
  16 bats
  A giant cockroach (D:1)
  12 goblins
  15 hobgoblins
  5 jackals
  3 quokkas
  A ball python (D:3)
  5 giant newts
  A hobgoblin skeleton (D:4)
  A hobgoblin zombie (D:6)
  12 kobolds
  2 kobold skeletons (D:7)
  12 rats
134 creatures vanquished.

Notes
Turn   | Place    | Note
--------------------------------------------------------------
     0 | D:1      | MDvedh, the Deep Dwarf Hunter, began the quest for the Orb.
     0 | D:1      | Reached XP level 1. HP: 19/19 MP: 0/0
    61 | D:1      | Reached skill level 1 in Armour
   105 | D:1      | Reached XP level 2. HP: 26/26 MP: 1/1
   790 | D:2      | Reached skill level 1 in Maces & Flails
  1156 | D:2      | Reached XP level 3. HP: 24/32 MP: 2/2
  1753 | D:3      | Reached XP level 4. HP: 26/39 MP: 3/3
  2277 | D:4      | Found Ubaihaet's Assorted Antiques.
  2318 | D:4      | Noticed Ijyb
  2382 | D:4      | Killed Ijyb
  2552 | D:4      | Bought a scroll of teleportation for 90 gold pieces
  2552 | D:4      | Bought a scroll of teleportation for 90 gold pieces
  2598 | D:4      | Noticed a phantom
  2785 | D:4      | Noticed Eustachio
  2866 | D:4      | Noticed Menkaure
  2962 | D:4      | Reached XP level 5. HP: 21/45 MP: 4/4
  3052 | D:4      | HP: 2/45 [crimson imp[Eustachio] (1)]
  3156 | D:5      | Entered Level 5 of the Dungeon
  3185 | D:5      | Noticed an ogre
  3189 | D:5      | Killed an ogre
  3189 | D:5      | Reached skill level 5 in Maces & Flails
  3346 | D:5      | Noticed an ogre
  3349 | D:5      | Noticed a black bear
  3352 | D:5      | Killed an ogre
  3352 | D:5      | Reached XP level 6. HP: 25/52 MP: 4/4
  3373 | D:5      | Killed a black bear
  3373 | D:5      | Reached skill level 6 in Maces & Flails
  3377 | D:5      | Found an iron altar of Okawaru.
  3450 | D:5      | Found a glowing golden altar of the Shining One.
  3451 | D:5      | Paralysed by a giant eyeball for 4 turns
  3605 | D:6      | Found a glowing silver altar of Zin.
  3606 | D:6      | Found a deep blue altar of Sif Muna.
  3851 | D:6      | Reached skill level 7 in Maces & Flails
  3851 | D:6      | Reached XP level 7. HP: 39/58 MP: 4/4
  3875 | D:6      | Found a shattered altar of Ashenzari.
  3895 | D:6      | Found Yfagul's Food Shop.
  4119 | D:6      | Noticed a necrophage
  4140 | D:6      | Killed a necrophage
  4140 | D:6      | Reached skill level 8 in Maces & Flails
  4754 | D:7      | Reached skill level 9 in Maces & Flails
  4754 | D:7      | Reached XP level 8. HP: 46/64 MP: 4/4
  5025 | D:7      | Paralysed by a giant eyeball for 2 turns
  5285 | D:7      | Noticed Joseph
  5300 | D:7      | HP: 2/64 [wight/long sword of freezing (3)]
  5303 | D:7      | Killed from afar by Joseph

Action                   |  1- 3 |  4- 6 |  7- 9 || total
-------------------------+-------+-------+-------++-------
Melee: Short sword       |    28 |       |       ||    28
       Whip              |   138 |   410 |   457 ||  1005
 Abil: Device Recharging |       |     2 |     1 ||     3
Evoke: Wand              |     1 |    21 |    10 ||    32
  Use: Scroll            |       |    17 |     2 ||    19
       Potion            |       |       |     2 ||     2
 Stab: Sleeping          |     1 |       |       ||     1
